 Dungeon Crawl Stone Soup version 0.31.0-32-g396128a36d (webtiles) character file.

Game seed: 768000586400720298

27087 bronco the Cleaver (level 13, -7/115 HPs)
             Began as a Minotaur Monk on Apr 17, 2024.
             Was a Priest of Vehumet.
             Incinerated by a deep elf pyromancer (12 damage)
             ... with a pyre arrow
             ... on level 13 of the Dungeon.
             The game lasted 00:57:50 (18282 turns).

bronco the Cleaver (Minotaur Monk)                 Turns: 18282, Time: 00:57:51

Health: -7/115     AC: 11    Str: 16    XL:     13   Next: 2%
Magic:  22/24      EV: 14    Int: 17    God:    Vehumet [***...]
Gold:   383        SH:  0    Dex: 14    Spells: 5/28 levels left

rFire   . . .        a - +9 battleaxe (protect)
rCold   + . .        (shield currently unavailable)
rNeg    + . .        G - +1 ring mail {rC+}
rPois   .            (helmet restricted)
rElec   .            (no cloak)
rCorr   .            (no gloves)
SInv    .            K - +2 pair of boots
Will    .....        y - amulet of regeneration
Stlth   +            o - +6 ring of intelligence
HPRegen 1.19/turn    H - ring of positive energy
MPRegen 0.19/turn

%: no passive effects
@: on fire, glowing
A: horns 2, retaliatory headbutt
a: Renounce Religion


You were on level 13 of the Dungeon.
You worshipped Vehumet.
Vehumet was most pleased with you.
You visited 4 branches of the dungeon, and saw 17 of its levels.

You collected 863 gold pieces.
You spent 480 gold pieces at shops.

Inventory:

Hand Weapons
 a - a +9 battleaxe of protection (weapon)
 b - a +0 orcbow of draining
 p - a +0 broad axe
 F - a +2 long sword of flaming
Missiles
 d - 78 stones
 v - 2 darts of dispersal
 w - 51 poisoned darts (quivered)
 C - 9 boomerangs
 M - 3 atropa-tipped darts
 N - a curare-tipped dart
Armour
 A - a +0 troll leather armour
 D - a +1 robe of resistance
 G - a +1 ring mail of cold resistance (worn)
 K - a +2 pair of boots (worn)
Magical Staves
 x - a staff of air
 J - a staff of fire
Jewellery
 o - a +6 ring of intelligence (left hand)
 y - an amulet of regeneration (around neck)
 E - an amulet of faith
 H - a ring of positive energy (right hand)
 O - an amulet of the acrobat
Talismans
 i - a serpent talisman
 k - a talisman of death
Wands
 z - a wand of flame (30)
 B - a wand of paralysis (23)
 L - a wand of mindburst (7)
 P - a wand of acid (6)
Scrolls
 c - a scroll of amnesia
 f - a scroll of identify
 g - 2 scrolls of teleportation
 j - 4 scrolls of noise
 q - 7 scrolls of revelation
 s - a scroll of poison
Potions
 h - a potion of haste
 l - 4 potions of lignification
 m - a potion of mutation
 n - a potion of resistance
 r - a potion of degeneration {unknown}
 t - a potion of magic
 u - 2 potions of attraction
Miscellaneous
 e - a condenser vane


   Skills:
 - Level 10.8 Fighting
 + Level 12.2 Axes
 - Level 0.2 Throwing
 - Level 8.6 Armour
 - Level 9.0 Dodging
 - Level 8.0 Spellcasting
 - Level 6.1 Conjurations
 - Level 4.0 Alchemy


You had 5 spell levels left.
You knew the following spells:

 Your Spells              Type           Power      Damage    Failure   Level
a - Foxfire               Conj/Fire      68%        2x1d7     1%          1
b - Mephitic Cloud        Conj/Alch/Air  18%        N/A       3%          3
c - Dispel Undead         Necr           6%         3d8       86%         4
d - Mercury Vapours       Alch/Air       26%        N/A       3%          2
e - Stone Arrow           Conj/Erth      34%        3d9       4%          3
f - Olgreb's Toxic Radia  Alch           20%        N/A       9%          4
g - Dazzling Flash        Conj/Hex       34%        N/A       4%          3
h - Inner Flame           Hex/Fire       6%         N/A       13%         3

Your spell library contained the following spells:

 Spells                   Type           Power      Damage    Failure   Level
 Ozocubu's Refrigeration  Ice            3%         4d8       100%        7
 Kiss of Death            Conj/Necr      68%        2d10      1%          1
 Iskenderun's Battlesphe  Conj           27%        2d8       11%         5
 Irradiate                Conj/Alch      12%        3d15      16%         5
 Slow                     Hex            24%        N/A       17%         1
 Confusing Touch          Hex            6%         N/A       45%         3
 Gell's Gravitas          Tloc           6%         N/A       45%         3
 Sigil of Binding         Hex            6%         N/A       45%         3
 Teleport Other           Tloc           6%         N/A       45%         3
 Vampiric Draining        Necr           6%         2d6       45%         3
 Passage of Golubria      Tloc           6%         N/A       86%         4
 Curse of Agony           Necr           6%         N/A       99%         5
 Silence                  Hex/Air        3%         N/A       99%         5
 Bombard                  Conj/Erth      8%         9d2       86%         6
 Dispersal                Tloc           3%         N/A       100%        6
 Spellforged Servitor     Conj/Summ      8%         N/A       100%        7
 Ignition                 Fire           3%         3d4       100%        8
 Lehudib's Crystal Spear  Conj/Erth      8%         10d4      100%        8


Dungeon Overview and Level Annotations

Branches:
Dungeon (14/15)            Temple (1/1) D:7            Lair (1/5) D:10
    Orc (1/2) D:10
 Vaults: D:13-14

Altars:
Ashenzari
Cheibriados
Dithmenos
Elyvilon
Fedhas
Gozag
Hepliaklqana
Kikubaaqudgha
Makhleb
Nemelex Xobeh
Okawaru
Qazlal
Ru
Sif Muna
Trog
Uskayaw
Vehumet
Wu Jian
Xom
Yredelemnul
Zin
The Shining One

Shops:
D:8 *   D:12 :

Annotations:
D:9 3 runed translucent doors, middlethird's ghost, novice VSIE
D:10 2 runed translucent doors


Innate Abilities, Weirdness & Mutations

You have a pair of horns on your head.
You reflexively headbutt those who attack you in melee.


Message History

The centaur warrior hits you but does no damage.
The centaur warrior kicks you but does no damage.
Unknown command.
You closely miss the centaur warrior.
The centaur warrior is heavily wounded.
The liquid fire burns you!
The centaur warrior hits you but does no damage.
The centaur warrior kicks you but does no damage.
The deep elf pyromancer casts a spell at you.
The bolt of fire hits you!!!
* * * LOW HITPOINT WARNING * * *
Unknown command.
Casting: Mercury Vapours (safe; 3% risk of failure)
Confirm with . or Enter, or press ? or * to list all spells.
Aiming: Mercury Vapours (safe; 3% risk of failure)
Press: ? - help, Dir - move target, f - deep elf pyromancer
Aim: a deep elf pyromancer, wielding a +0 rapier and wearing a +0 leather armour (heavily wounded, chance to weaken: 18%) Fumes of mercury billow around the deep elf pyromancer!
The deep elf pyromancer is poisoned.
The liquid fire burns you!
* * * LOW HITPOINT WARNING * * *
The centaur warrior hits you but does no damage.
The centaur warrior kicks you but does no damage.
The deep elf pyromancer points at you and mumbles some strange words.
The pyre arrow hits you.
You are even more covered in intense liquid fire!
The centaur warrior hits you.
* * * LOW HITPOINT WARNING * * *
The centaur warrior kicks you but does no damage.
Unknown command.
Unknown command.
Unknown command.
The liquid fire burns you!
* * * LOW HITPOINT WARNING * * *
The centaur warrior completely misses you.
The centaur warrior kicks you but does no damage.
You shake off some of the fire as you move.
You climb upwards.
The liquid fire burns you!
You die...

#.#+####.......#...#....... ###
#.#....#.......#...#.......
#.###.#....#.......#...#.......
#.....#....#.#####.#####.......
#####.#....#.#...#.............
#.#....#.#...'.............
#.#....#.#...#....#######..
#.#....#.#...'....#.....#.#
##.#....#.#@c.#....#.....#.#
#.....###.#####....#.....#.#
##.###..............#.)...#.#
#..#)#..............#.....#.#
#####..###.####.........#.....'..
#.............#####.....#.....#..
##................#.....#.....#..
#........+..<....#.....#.....#..
#........#.......#.....#.....#..


You could see a centaur warrior.

Vanquished Creatures
  A hydra (D:13)
  3 centaur warriors
  7 two-headed ogres
  A boulder beetle (D:11)
  Urug (D:9)
  An orc knight (D:9)
  A deep elf pyromancer (D:12)
  A manticore (D:10)
  4 cyclopes
  An ugly thing (D:12)
  A kobold blastminer (D:10)
  A meliai (shapeshifter) (D:14)
  2 gargoyles
  An unseen horror (D:11)
  4 kobold demonologists
  A komodo dragon (Lair:1)
  4 trolls
  Grinder (D:3)
  A hornet (D:9)
  3 wraiths
  6 slime creatures
  A water elemental (D:13)
  2 wargs (D:10)
  20 yaks
  13 vampire mosquitoes
  4 water moccasins
  5 orc warriors
  A sky beast (D:6)
  3 ogres
  11 centaurs
  2 wolves (D:10)
  2 phantoms
  4 kobold brigands
  3 gnoll sergeants
  4 scorpions
  A bullfrog (D:6)
  17 wights
  10 killer bees
  4 jellies
  3 howler monkeys (D:11)
  2 hounds (D:5)
  4 orc priests
  A bombardier beetle (D:7)
  4 gnoll boudas
  13 orc wizards
  2 iguanas (D:6)
  28 gnolls
  8 adders
  A shadow imp (D:6)
  4 white imps
  3 dart slugs
  5 ribbon worms
  28 orcs
  2 bats
  5 endoplasms
  A giant cockroach (D:2)
  7 goblins
  9 hobgoblins
  3 quokkas
  5 ball pythons
  2 frilled lizards (D:1)
  20 kobolds
  6 rats
319 creatures vanquished.

Vanquished Creatures (others)
  A kobold brigand (D:12)
  19 foxfires
20 creatures vanquished.

Grand Total: 339 creatures vanquished

Notes
Turn   | Place    | Note
-------+----------+-------------------------------------------
     0 | D:1      | bronco the Minotaur Monk began the quest for the Orb.
     0 | D:1      | Reached XP level 1. HP: 19/19 MP: 0/0
   316 | D:1      | Reached XP level 2. HP: 26/27 MP: 1/1
   557 | D:2      | Reached skill level 4 in Axes
   714 | D:2      | Reached XP level 3. HP: 22/33 MP: 2/2
  1130 | D:3      | Noticed Grinder
  1801 | D:3      | Paralysed by Grinder for 5 turns
  1809 | D:3      | Paralysed by Grinder for 5 turns
  1815 | D:3      | Killed Grinder
  1816 | D:3      | Reached skill level 7 in Axes
  1816 | D:3      | Reached XP level 4. HP: 36/40 MP: 3/3
  1816 | D:3      | Reached XP level 5. HP: 41/46 MP: 4/4
  2066 | D:3      | Found a faded altar of an unknown god.
  2248 | D:4      | Noticed a phantom
  2262 | D:4      | Killed a phantom
  2263 | D:4      | Reached skill level 8 in Axes
  2263 | D:4      | Reached XP level 6. HP: 46/52 MP: 5/5
  2626 | D:4      | Found a sparkling altar of Nemelex Xobeh.
  3145 | D:5      | Entered Level 5 of the Dungeon
  3166 | D:5      | Noticed a water moccasin
  3170 | D:5      | Killed a water moccasin
  3171 | D:5      | Reached skill level 9 in Axes
  3171 | D:5      | Reached XP level 7. HP: 49/59 MP: 6/6
  3450 | D:5      | Reached skill level 1 in Armour
  3498 | D:5      | Reached skill level 5 in Fighting
  3810 | D:5      | Found an ancient bone altar of Kikubaaqudgha.
  3921 | D:6      | Reached XP level 8. HP: 60/70 MP: 7/7
  4306 | D:6      | Reached skill level 5 in Armour
  5169 | D:7      | Reached skill level 10 in Axes
  5294 | D:7      | Reached XP level 9. HP: 60/79 MP: 8/8
  5365 | D:7      | Found a staircase to the Ecumenical Temple.
  5376 | Temple   | Entered the Ecumenical Temple
  5380 | Temple   | Became a worshipper of Vehumet
  5380 | Temple   | Reached * piety under Vehumet
  5380 | Temple   | Offered knowledge of Foxfire by Vehumet.
  5380 | Temple   | Reached ** piety under Vehumet
  5388 | D:7      | Learned a level 1 spell: Foxfire
  5392 | D:7      | Learned a level 3 spell: Mephitic Cloud
  5397 | D:7      | Learned a level 4 spell: Dispel Undead
  5449 | D:7      | Offered knowledge of Mercury Vapours by Vehumet.
  5462 | D:7      | Reached skill level 1 in Spellcasting
  5690 | D:7      | Noticed a gargoyle
  5709 | D:7      | Killed a gargoyle
  5857 | D:7      | Learned a level 2 spell: Mercury Vapours
  7357 | D:8      | Reached skill level 5 in Spellcasting
  7382 | D:8      | Found Sankit Ufof's Gadget Gallery.
  7385 | D:8      | Noticed a two-headed ogre
  7388 | D:8      | Noticed a two-headed ogre
  7616 | D:8      | Killed a two-headed ogre
  7617 | D:8      | Reached XP level 10. HP: 74/86 MP: 16/18
  7805 | D:8      | Offered knowledge of Stone Arrow by Vehumet.
  7810 | D:8      | Learned a level 3 spell: Stone Arrow
  8190 | D:8      | Killed a two-headed ogre
  8247 | D:8      | Found a snail-covered altar of Cheibriados.
  8306 | D:8      | Reached *** piety under Vehumet
  8316 | D:8      | Found a shimmering altar of Xom.
  8461 | D:9      | Reached skill level 1 in Conjurations
  8509 | D:9      | Found a runed translucent gate.
  8509 | D:9      | Noticed a centaur warrior
  8512 | D:9      | Noticed middlethird's ghost (novice VSIE)
  8514 | D:9      | Noticed an arcanist
  8570 | D:9      | Found an ornate altar of the Wu Jian Council.
  8920 | D:9      | Noticed a two-headed ogre
  8928 | D:9      | Killed a two-headed ogre
  9071 | D:9      | Found a runed translucent gate.
  9072 | D:9      | Found a runed translucent gate.
  9572 | D:9      | Found a bloodstained altar of Trog.
  9717 | D:10     | Entered Level 10 of the Dungeon
  9717 | D:10     | Noticed Urug
  9815 | D:9      | Offered knowledge of Volatile Blastmotes by Vehumet.
  9816 | D:9      | Reached skill level 5 in Dodging
  9931 | D:10     | Reached XP level 11. HP: 92/92 MP: 20/20
  9940 | D:9      | Paralysed by Urug for 4 turns
 10105 | D:9      | Killed Urug
 10279 | D:10     | Found a staircase to the Orcish Mines.
 10518 | D:10     | Reached **** piety under Vehumet
 10739 | D:10     | Offered knowledge of Olgreb's Toxic Radiance by Vehumet.
 10747 | D:10     | Learned a level 4 spell: Olgreb's Toxic Radiance
 10777 | D:10     | Reached skill level 1 in Alchemy
 10798 | D:10     | Noticed a two-headed ogre
 10806 | D:10     | Killed a two-headed ogre
 10979 | D:10     | Identified the blade talisman of Repulsion {rPois Dex+3}
 11049 | D:10     | Noticed a two-headed ogre
 11059 | D:10     | Killed a two-headed ogre
 11534 | D:10     | Found a staircase to the Lair.
 11648 | D:10     | Found a large runed translucent door.
 11650 | D:10     | Found a large runed translucent door.
 11650 | D:10     | Found a large runed translucent door.
 11707 | D:10     | Found a large runed translucent door.
 11752 | D:10     | Noticed a centaur warrior
 11758 | D:10     | Killed a centaur warrior
 11881 | D:10     | Noticed a two-headed ogre
 12238 | D:10     | Killed a two-headed ogre
 12639 | Lair:1   | Entered Level 1 of the Lair of Beasts
 12687 | Lair:1   | Reached skill level 5 in Conjurations
 13131 | Orc:1    | Entered Level 1 of the Orcish Mines
 13131 | Orc:1    | Noticed an orc knight
 13319 | D:10     | Learned a level 3 spell: Dazzling Flash
 13323 | D:10     | Learned a level 3 spell: Inner Flame
 13490 | D:9      | Killed an orc knight
 13491 | D:9      | Reached XP level 12. HP: 47/100 MP: 23/23
 13783 | D:8      | Bought a condenser vane for 480 gold pieces
 13831 | Orc:1    | Noticed an orc warlord
 13836 | D:10     | HP: 5/100 [poisoned by an orc]
 13841 | D:10     | HP: 2/100 [poisoned by an orc]
 14144 | D:11     | Noticed a boulder beetle
 14156 | D:11     | Killed a boulder beetle
 15229 | D:11     | Found a hazy altar of Hepliaklqana.
 15312 | D:12     | Noticed a two-headed ogre
 15325 | D:12     | Killed a two-headed ogre
 15522 | D:12     | Found Laliopam's Book Shop.
 16670 | D:13     | Reached skill level 10 in Fighting
 16686 | D:13     | Reached ***** piety under Vehumet
 16804 | D:13     | Offered knowledge of Ozocubu's Refrigeration by Vehumet.
 17370 | D:13     | Noticed a centaur warrior
 17384 | D:13     | Killed a centaur warrior
 17617 | D:13     | Identified the +11 spear "Idaexzuu" {freeze, Int+3 Dex+2
                  | Stlth+}
 17663 | D:13     | Noticed a centaur warrior
 17672 | D:13     | Reached skill level 11 in Axes
 17672 | D:13     | Killed a centaur warrior
 17855 | D:13     | Noticed a five-headed hydra
 17864 | D:13     | Killed a two-headed hydra
 18123 | D:13     | Reached skill level 12 in Axes
 18161 | D:14     | Reached XP level 13. HP: 115/115 MP: 24/24
 18281 | D:14     | HP: 4/115 [burnt (18)]
 18282 | D:13     | Incinerated by a deep elf pyromancer

Illustrated notes

Levels and vault maps discovered:
D:1:      eino_arrival_water_star, layout_rooms, grunt_decor_resistance,
          nicolae_concentric_dashed_squares_wild
D:2:      layout_rooms, chequers_arboretum, kennysheep_generic_room_4
D:3:      layout_loops_corners, chequers_ecumenical_altar_lobes,
          chequers_serial_rivers_micro_a, uniq_grinder
D:4:      layout_basic, nemelex_xobeh_ov_fountains_minmay
D:5:      layout_cave_pools, lemuel_tele_altar
D:6:      layout_loops_ring, columned_hall_lemuel
D:7:      layout_gridville, minmay_temple_entry_slanted
D:8:      corexii_shantytown, layout_rooms, mainiacjoe_overflow_two_lobes,
          nicolae_shop_gadgets
D:9:      layout_stronghold, overflow_temple_1_default,
          mainiacjoe_overflow_cross_hatched, gammafunk_ghost_split
D:10:     layout_gridville, erik_lair_orcish_takeover, david_orc_3,
          hangedman_decor_clover_reticule, minmay_hollow_rounded_squares,
          uniq_urug
D:11:     layout_cave_pools, nicolae_hepliaklqana_hippocampus
D:12:     layout_small_grid, serial_shops, nicolae_shop_crystal
D:13:     layout_irregular_city, fountainhead, item_on_display_a
D:14:     layout_cave_pools, skrybe_vaults_entry_preservation,
          minmay_misc_feat_chi, grunt_ministairs_9
Temple:   kb_temple_of_zot
Lair:1:   layout_misc_corridors, minmay_lair_oklob_items, serial_bayou_shore_b
Orc:1:    layout_caves

Skill      XL: |  1  2  3  4  5  6  7  8  9 10 11 12 |
---------------+-------------------------------------+-----
Fighting       | 4 5 7 10 | 10.8
Axes           | 4 7 8 9 10 12 | 12.2
Armour         | 3 6 8 |  8.6
Spellcasting   | 6 8 |  8.0
Conjurations   | 4 5 6 |  6.1
Dodging        | 5 7 9 |  9.0
Alchemy        | 4 |  4.0
Throwing       | |  0.2

Action                     |  1- 3 |  4- 6 |  7- 9 | 10-12 | 13-15 || total
---------------------------+-------+-------+-------+-------+-------++-------
  Melee: War axe           |    58 |    51 |    91 |       |       ||   200
         Headbutt          |     9 |    12 |    43 |    74 |     5 ||   143
         Battleaxe         |       |       |   106 |   399 |     7 ||   512
         Long sword        |       |       |       |     6 |       ||     6
   Fire: Shortbow          |       |       |    24 |    69 |       ||    93
         Orcbow            |       |       |       |     5 |     3 ||     8
  Throw: Stone             |    15 |    11 |    40 |     2 |       ||    68
         Dart              |       |       |     5 |     9 |       ||    14
         Throwing net      |       |       |     8 |     3 |       ||    11
         Boomerang         |       |       |       |     1 |       ||     1
         Javelin           |       |       |       |    12 |       ||    12
   Cast: Foxfire           |       |       |       |    10 |       ||    10
         Mercury Vapours   |       |       |       |    45 |     2 ||    47
         Mephitic Cloud    |       |       |       |    10 |       ||    10
         Olgreb's Toxic Ra |       |       |       |     6 |       ||     6
         Stone Arrow       |       |       |       |     4 |       ||     4
         Dazzling Flash    |       |       |       |     3 |       ||     3
  Evoke: Wand              |     8 |     1 |    15 |     7 |       ||    31
         Condenser vane    |       |       |       |     1 |       ||     1
    Use: Potion            |     1 |       |     3 |     9 |       ||    13
         Scroll            |     9 |       |    14 |    19 |       ||    42
   Stab: Held in net/web   |       |       |     2 |     2 |       ||     4
         Invisible         |       |       |       |     3 |       ||     3
         Confused          |       |       |       |     4 |       ||     4
 Armour: Ring mail         |    36 |       |    39 |   508 |    20 ||   603
         Chain mail        |     1 |    32 |   167 |       |       ||   200
  Dodge: Dodged            |    29 |    21 |   124 |   378 |     6 ||   558
